 Dungeon Crawl Stone Soup version 0.28-a0-1152-g9c71ebef14 (webtiles) character file.

Game seed: 3836596545313675316

639 karkarkar the Chopper (level 7, -4/55 HPs)
             Began as a Formicid Fighter on Dec 14, 2021.
             Slain by an ogre (20 damage)
             ... on level 4 of the Dungeon.
             The game lasted 00:08:40 (3829 turns).

karkarkar the Chopper (Formicid Fighter)            Turns: 3829, Time: 00:08:41

Health: -4/55      AC:  9    Str: 23    XL:     7   Next: 80%
Magic:  7/7        EV: 10    Int:  7    God:
Gold:   128        SH:  4    Dex: 10    Spells: 6/6 levels left

rFire   . . .      SeeInvis +   a - +0 war axe
rCold   . . .      Faith    .   c - +0 buckler
rNeg    . . .      Spirit   .   b - +0 scale mail
rPois   .          Reflect  .   (helmet unavailable)
rElec   .          Harm     .   k - +0 cloak
rCorr   .          Rampage  .   (no gloves)
Will    .....                   f - +0 pair of boots
Stlth   ..........              (no amulet)
HPRegen 0.18/turn               (no ring)
MPRegen 0.10/turn               (no ring)

@: no status effects
A: permanent stasis, dig shafts and tunnels, antennae 3, four strong arms
a: Dig, Shaft Self


You were on level 4 of the Dungeon.
You visited 1 branch of the dungeon, and saw 4 of its levels.

You collected 128 gold pieces.

Inventory:

Hand Weapons
 a - a +0 war axe (weapon)
Missiles
 e - a curare-tipped dart
 j - 9 poisoned darts (quivered)
Armour
 b - a +0 scale mail (worn)
 c - a +0 buckler (worn)
 f - a +0 pair of boots (worn)
 k - a +0 cloak (worn)
Scrolls
 i - 2 scrolls of identify
 l - a scroll of fog
 m - a scroll of enchant armour {unknown}
 o - a scroll of enchant weapon {unknown}
 p - a scroll of teleportation {unknown}
 q - 2 scrolls of holy word {unknown}
Potions
 d - a potion of might
 g - a potion of resistance {unknown}
 h - a potion of heal wounds
 n - a potion of haste {unknown}


   Skills:
 + Level 4.5 Fighting
 * Level 6.7 Axes
 - Level 0.2 Throwing
 + Level 4.5 Armour
 - Level 1.1 Dodging
 + Level 0.3 Stealth
 - Level 3.6 Shields


You had 6 spell levels left.
You didn't know any spells.
Your spell library contained the following spells:

 Spells                   Type           Power      Damage    Failure   Level
 Summon Small Mammal      Summ           0%         N/A       75%         1
 Ensorcelled Hibernation  Hex/Ice        0%         N/A       86%         2
 Call Canine Familiar     Summ           0%         N/A       98%         3
 Summon Guardian Golem    Hex/Summ       0%         N/A       98%         3
 Tukima's Dance           Hex            0%         N/A       98%         3


Dungeon Overview and Level Annotations

Branches:
Dungeon (4/15)
 Temple: D:4-7

Altars:

Shops:
D:3 *


Innate Abilities, Weirdness & Mutations

You cannot be hasted, slowed, berserked, paralysed or teleported.
You can dig through walls and to a lower floor.
You have a pair of large antennae on your head. (SInv)
Your four strong arms can wield two-handed weapons with a shield.


Message History

q - 2 scrolls labelled FYDOPI LOCIXI You now have 112 gold pieces (gained 4).
You now have 128 gold pieces (gained 16).
Found a stone staircase leading down.
A quokka comes into view.
An ogre comes into view. It is wielding a +0 giant club.
The ogre shouts!
The quokka completely misses you. You block the quokka's attack.
You slash the quokka!
You kill the quokka!
Found 14 arrows.
You closely miss the ogre. The ogre hits you with a +0 giant club!
You hit the ogre.
The ogre is lightly wounded.
The ogre hits you with a +0 giant club!!
* * * LOW HITPOINT WARNING * * *
You are too injured to fight recklessly!
You are too injured to fight recklessly!
Okay, then.
You see here a +2 dagger of venom.
There is an open door here.
You see here a +0 robe.
There is a stone staircase leading up here.
You see here a +0 club.
You open the door. The ogre completely misses you.
There is an open door here.
There is a stone staircase leading up here.
The ogre hits you with a +0 giant club!
* * * LOW HITPOINT WARNING * * *
You see here a +0 club.
The ogre hits you but does no damage.
There is an open door here.
You see here a +0 club.
There is an open door here.
You see here a +0 club.
There is an open door here.
You see here a +0 club.
There is a stone staircase leading up here.
The ogre hits you with a +0 giant club!!
You die...

#.# #......... #.# #.........
#.############## #.........
#.#...##......(########.........
#.....'..................)..##.#
####)..##.......######....#.....#
........+....[..'O.# #....###.###
.###...##......O##.###........#
######......<@.....#########
#........#.#### ##########.#...
#....# #.##### #.##.# #.#########
#.##.# #.........# #.##.#
####......# #.##.# #......###
#.##.# #......'..


You could see an ogre.

Vanquished Creatures
  Sigmund (D:2)
  A black bear (D:4)
  A kobold brigand (D:4)
  2 scorpions (D:4)
  A jelly (D:4)
  Crazy Yiuf (D:2)
  8 adders
  An adder skeleton (D:4)
  3 worms
  5 orcs
  6 ball pythons
  8 endoplasms
  2 giant cockroaches
  4 goblins
  12 hobgoblins
  4 quokkas
  3 bats
  4 frilled lizards
  7 kobolds
  5 rats
79 creatures vanquished.

Notes
Turn   | Place    | Note
-------+----------+-------------------------------------------
     0 | D:1      | karkarkar the Formicid Fighter began the quest for the Orb.
     0 | D:1      | Reached XP level 1. HP: 18/18 MP: 1/1
   357 | D:1      | Reached XP level 2. HP: 24/24 MP: 2/2
   510 | D:1      | You fall into a shaft and drop 1 floor!
   531 | D:2      | Reached XP level 3. HP: 18/30 MP: 3/3
   819 | D:2      | Reached skill level 3 in Axes
   929 | D:2      | Found a runed translucent door.
   930 | D:2      | Noticed Crazy Yiuf
  1057 | D:2      | Reached XP level 4. HP: 37/37 MP: 4/4
  1733 | D:2      | Noticed Sigmund
  1751 | D:2      | Killed Sigmund
  1752 | D:2      | Reached skill level 4 in Axes
  1752 | D:2      | Reached XP level 5. HP: 33/42 MP: 5/5
  1752 | D:2      | Reached XP level 6. HP: 38/48 MP: 6/6
  1842 | D:2      | Reached skill level 5 in Axes
  2124 | D:2      | Killed Crazy Yiuf
  2385 | D:3      | Found Leiloih's Assorted Antiques.
  2893 | D:3      | Found a faded altar of an unknown god.
  3045 | D:4      | Reached XP level 7. HP: 25/55 MP: 7/7
  3118 | D:4      | Reached skill level 6 in Axes
  3118 | D:4      | Reached skill level 1 in Dodging
  3829 | D:4      | Slain by an ogre

Illustrated notes

Levels and vault maps discovered:
D:1:      dpeg_arrival_tiny_a, layout_loops_corners, serial_glass,
          glass_columns_a, glass_columns_a, item_on_display_a,
          minmay_strange_pillars, minmay_strange_pillars, feat_on_display
D:2:      layout_basic, st_stairs_11, uniq_crazy_yiuf_cottage, uniq_sigmund
D:3:      layout_basic, serial_shops, shop, chequers_ecumenical_altar_grove
D:4:      layout_basic, nicolae_ossuary_entry_ruins

Skill      XL: |  1  2  3  4  5  6  7 |
---------------+----------------------+-----
Axes           | 3 4 5 6 |  6.7
Fighting       | 4 |  4.5
Armour         | 4 |  4.5
Dodging        | 1 |  1.1
Throwing       | |  0.2
Stealth        | |  0.3
Shields        | |  3.6

Action                   |  1- 3 |  4- 6 |  7- 9 || total
-------------------------+-------+-------+-------++-------
Melee: War axe           |    77 |   117 |    50 ||   244
Throw: Dart              |       |     2 |     5 ||     7
 Abil: Dig               |     5 |     4 |       ||     9
  Use: Scroll            |     1 |     3 |       ||     4
       Potion            |       |     3 |       ||     3
Armor: Scale mail        |    36 |    44 |    20 ||   100
Dodge: Dodged            |    40 |    41 |    26 ||   107
Block: Buckler           |    17 |    22 |    18 ||    57

Table legend: (Time is in decaauts)
 A = Elapsed time spent in this place.
 B = Non-inter-level travel time spent in this place.
 C = Inter-level travel time spent in this place.
 D = Time resting spent in this place.
 E = Time spent auto-exploring this place.
 F = Levels seen in this place.
 G = Mean time per level.
                   A        B        C        D        E       F      G
               +--------+--------+--------+--------+--------+-----+--------+
         Total |   3902 |   3802 |    100 |    332 |   2438 |   4 |  975.5 |
       Dungeon |   3902 |   3802 |    100 |    332 |   2438 |   4 |  975.5 |
               +--------+--------+--------+--------+--------+-----+--------+

Top non-repeatable levels by time:
     D:2: 1211 daAuts
     D:1: 1021 daAuts
     D:3: 844 daAuts
     D:4: 825 daAuts
